 Dungeon Crawl Stone Soup version 0.30-a0-166-g5d06c95188 (webtiles) character file.

Game seed: 10900771456160613567

4150 qw the Cleaver (level 10, -9/63 HPs)
             Began as a Gargoyle Fighter on Sept 29, 2022.
             Was an Elder of Okawaru.
             Mangled by Psyche
             ... wielding a +3 dagger of chaos
              (11 damage)
             ... on level 8 of the Dungeon.
             The game lasted 00:03:07 (6136 turns).

qw the Cleaver (Gargoyle Fighter)                   Turns: 6136, Time: 00:03:08

Health: -9/63      AC:  0    Str: 23    XL:     10   Next: 27%
Magic:  14/14      EV: 14    Int: 10    God:    Okawaru [****..]
Gold:   322        SH:  0    Dex:  9    Spells: 9/9 levels left

rFire   . . .      SeeInvis .    (weapon currently unavailable)
rCold   . . .      Faith    .    (shield currently unavailable)
rNeg    + . .      Spirit   .    (body armour currently unavailable)
rPois   inf        Reflect  .    (helmet currently unavailable)
rElec   .          Harm     .    (cloak currently unavailable)
rCorr   .          Rampage  .    (gloves currently unavailable)
Will    .....                    (boots currently unavailable)
Stlth   +.........               g - amulet of regeneration
HPRegen 1.00/turn                (ring currently unavailable)
MPRegen 0.14/turn                (ring currently unavailable)

@: mighty, pig-form, very quick
A: fast, no casting, sickness immunity, AC +7, small, negative energy resistance
1, (electricity resistance), torment resistance 1, petrification resistance
a: Renounce Religion, Heroism, Finesse


You were on level 8 of the Dungeon.
You worshipped Okawaru.
Okawaru was greatly pleased with you.
You were a filthy swine.
You visited 2 branches of the dungeon, and saw 9 of its levels.

You collected 322 gold pieces.


Innate Abilities, Weirdness & Mutations

You are a filthy swine.
You move quickly.
Your equipment is almost entirely melded.
You are incapable of wielding weapons or throwing items.
You cannot cast spells.
You are immune to sickness and miasma.
((Your stone body is resilient. (AC +7)))
You are immune to poison.
You resist negative energy. (rN+)
((You are resistant to electric shocks. (rElec)))
You are resistant to unholy torment.
You are immune to petrification.


   Skills:
 + Level 7.0 Fighting
 - Level 10.1 Axes
 - Level 6.2 Armour
 - Level 2.0 Dodging
 - Level 4.0 Shields
 + Level 5.7 Invocations


You had 9 spell levels left.
You didn't know any spells.
Your spell library was empty.

Inventory:

Hand Weapons
 k - a +0 morningstar
 Y - a +1 war axe (melded)
Armour
 a - a +0 helmet (melded)
 b - a +2 chain mail of willpower (melded)
 c - a +0 buckler (melded)
 e - the +4 pair of boots of Sif Muna, Freezing (melded) {*Corrode +Blink Regen+ Str+6}
   (You acquired it on level 5 of the Dungeon)

   Str:       It affects your strength (+6).
   +Blink:    It lets you blink.
   Regen:     It increases your rate of health regeneration.
   *Corrode:  It may corrode you when you take damage.
 o - a +0 pair of gloves (melded)
 s - the +2 ratskin cloak (melded) {*Rats rPois rN+ Str-1 Int-1 Dex+1}
   (You found it on level 6 of the Dungeon)

   When the wearer is hurt, rats may emerge from it to assist them.
   Str:       It affects your strength (-1).
   Int:       It affects your intelligence (-1).
   Dex:       It affects your dexterity (+1).
   rPois:     It protects you from poison.
   rN:        It protects you from negative energy.
 t - a +0 plate armour
Jewellery
 f - a ring of fire
 g - an amulet of regeneration (around neck)
 i - a +6 ring of dexterity (melded)
Scrolls
 l - 6 scrolls of identify
 n - a scroll of amnesia {unknown}
 p - 4 scrolls of teleportation
 u - a scroll of fear {unknown}
Potions
 d - 3 potions of might
 h - 2 potions of attraction
 j - 4 potions of heal wounds
 m - 2 potions of haste
 q - a potion of curing
 r - a potion of lignification
 v - a potion of cancellation
 w - a potion of resistance {unknown}

Dungeon Overview and Level Annotations

Branches:
Dungeon (8/15)             Temple (1/1) D:4
   Lair: D:8-11

Altars:
Cheibriados
Dithmenos
Elyvilon
Fedhas
Hepliaklqana
Kikubaaqudgha
Makhleb
Nemelex Xobeh
Okawaru
Ru
Sif Muna
Trog
Vehumet
Wu Jian
Xom
Yredelemnul
Zin
The Shining One

Shops:
D:1 [   D:6 *

Annotations:
D:4 2 transporters, qw's ghost, amateur GrFi
D:5 2 transporters, qw's ghost, amateur GrFi
D:8 3 runed translucent doors, Psyche; qw's ghost, novice GrFi


Message History

Psyche the Insane Magess comes into view.
She is wielding a +3 dagger of chaos and wearing a +2 robe of willpower.
Found 5 stones.
Psyche shouts!
Psyche gestures wildly while chanting.
Psyche flickers and vanishes!
Deactivating autopickup; reactivate with Ctrl-A.
You swing at nothing.
You swing at nothing.
You swing at nothing.
You hear some strange, mumbled words.
You turn into a filthy swine.
Your +1 war axe melds into your body.
The +2 ratskin cloak {*Rats rPois rN+ Str-1 Int-1 Dex+1} melds into your body.
Your +0 helmet melds into your body.
Your +0 pair of gloves melds into your body.
The +4 pair of boots of Sif Muna, Freezing {*Corrode +Blink Regen+ Str+6} melds into your body.
Your +0 buckler melds into your body.
Your +2 chain mail of willpower melds into your body.
Your +6 ring of dexterity melds into your body.
You feel less strong-willed.
You feel clumsy.
You swing at nothing.
You swing at nothing.
You hear some strange, mumbled words.
You swing at nothing.
You swing at nothing.
Something hits you!
You are electrocuted!
You swing at nothing.
Something hits you! Something hits you. Something freezes you.
You swing at nothing.
Something hits you! Something freezes you.
You hit something but do no damage. Something hits you!
You feel very mighty all of a sudden.
You miss something. Something hits you.
You bite something! Something hits you!
You barely miss something. Something hits you!
You die...

.#.....###########..+ +..####.#
)...#.#..........¤¤¤# #~...##.#
..#.#.##.##########~~~~¤.#....#
....#.##.# ¤¤..##.#.####
.####.##.# ##### #.### .#
#.##.# #...# .# #.##.#.#(#####
###.# .# #....#.....{.# #.# .
###### #h####### #.# #.......#
#)# #############.# #)#
#.............# #.#
#.############# #.# #.# #.# #.#
#.# #######)############### #.#
#.......#.............# #.#


There were no monsters in sight!

Vanquished Creatures
  Erica (D:8)
  Eustachio (D:4)
  Grum (D:8)
  A yak (D:7)
  An orc warrior (D:8)
  Duvessa (D:5)
  A water moccasin (D:6)
  An ice beast (D:7)
  An ogre (D:4)
  A centaur (D:8)
  2 wolves (D:8)
  3 phantoms
  2 necrophages
  A kobold brigand (D:8)
  5 scorpions
  4 bullfrogs
  Dowan (D:5)
  6 wights (D:7)
  5 killer bees (D:8)
  A gnoll bouda (D:5)
  5 orc priests
  A jelly (D:6)
  3 hounds
  Jessica (D:3)
  Ijyb (D:3)
  Terence (D:3)
  8 orc wizards
  2 iguanas (D:5)
  9 adders
  3 gnolls (D:5)
  3 white imps
  An ufetubus (D:5)
  4 worms
  2 dart slugs
  23 orcs
  10 ball pythons
  6 endoplasms
  4 giant cockroaches
  9 goblins
  6 hobgoblins
  5 jackals
  5 quokkas
  2 training dummies (D:5)
  9 bats
  2 frilled lizards
  8 kobolds
  8 rats
181 creatures vanquished.

Vanquished Creatures (others)
  6 plants (D:5)
6 creatures vanquished.

Grand Total: 187 creatures vanquished

Notes
Turn   | Place    | Note
-------+----------+-------------------------------------------
     0 | D:1      | qw the Gargoyle Fighter began the quest for the Orb.
     0 | D:1      | Reached XP level 1. HP: 14/14 MP: 1/1
     0 | D:1      | 0 ||| qw: Version: 0.2-a-12-gaebbb33
     0 | D:1      | 0 ||| qw: Game counter: 1052
     0 | D:1      | 0 ||| qw: Always use a shield: true
     0 | D:1      | 0 ||| qw: God list: Okawaru
     0 | D:1      | 0 ||| qw: Allow faded altars: false
     0 | D:1      | 0 ||| qw: Do Orc after D:15 true
     0 | D:1      | 0 ||| qw: Do second Lair branch before Depths: true
     0 | D:1      | 0 ||| qw: Lair rune preference: random
     0 | D:1      | 0 ||| qw: Plans: Normal, Zot:1-4, God:TSO, Crypt, Tomb,
                  | Pan, Slime:5, Hells, Abyss, Orb
     0 | D:1      | 0 ||| PLANNING D:1-11
    43 | D:1      | Reached skill level 2 in Axes
    43 | D:1      | Found Ammepuh's Armour Boutique.
    60 | D:1      | 60 ||| SHOPLISTING +0 helmet (54 gold, have 0).
    60 | D:1      | 60 ||| SHOPLISTING +0 pair of boots (54 gold, have 0).
    60 | D:1      | 60 ||| SHOPLISTING +2 plate armour of positive energy (444
                  | gold, have 0).
   172 | D:1      | Reached XP level 2. HP: 19/19 MP: 2/2
   492 | D:1      | Found a faded altar of an unknown god.
   799 | D:1      | Reached skill level 3 in Axes
   954 | D:1      | 954 ||| UPGRADING to +0 chain mail.
   964 | D:1      | 964 ||| DROPPING +0 scale mail.
   965 | D:1      | 965 ||| UPGRADING to amulet of regeneration.
   970 | D:1      | 970 ||| READING scroll labelled PIFRYU ON IKLOD.
   971 | D:1      | 971 ||| READING scroll labelled YBOCREMMUKA.
   972 | D:1      | 972 ||| READING 3 scrolls labelled BILICY PAPP.
   973 | D:1      | 973 ||| READING scroll labelled JUIJUAD CYRPH.
   978 | D:1      | 978 ||| READING 2 scrolls of identify.
   978 | D:1      | 978 ||| IDENTIFYING ruby potion
  1005 | D:2      | Reached XP level 3. HP: 23/23 MP: 3/3
  1073 | D:2      | 1073 ||| Stepping ~*~*~tactically~*~*~ (stealth).
  1141 | D:2      | Reached XP level 4. HP: 28/28 MP: 4/4
  1160 | D:2      | 1160 ||| Stepping ~*~*~tactically~*~*~ (stealth).
  1483 | D:2      | Reached skill level 4 in Axes
  1520 | D:2      | 1520 ||| Stepping ~*~*~tactically~*~*~ (stealth).
  1527 | D:2      | 1527 ||| Stepping ~*~*~tactically~*~*~ (stealth).
  1618 | D:2      | 1618 ||| READING scroll labelled MAKLUY TELAYLECUOSCH.
  1624 | D:2      | 1624 ||| READING scroll labelled VYHAZE ADDAGYE.
  1660 | D:3      | Noticed Terence
  1665 | D:3      | Killed Terence
  1666 | D:3      | 1666 ||| STAIRDANCE
  1676 | D:3      | 1676 ||| DROPPING +0 club.
  1723 | D:3      | Reached XP level 5. HP: 32/32 MP: 5/5
  1759 | D:3      | 1759 ||| Stepping ~*~*~tactically~*~*~ (stealth).
  1764 | D:3      | 1764 ||| Stepping ~*~*~tactically~*~*~ (stealth).
  1765 | D:3      | Noticed Ijyb
  1766 | D:3      | 1766 ||| Stepping ~*~*~tactically~*~*~ (stealth).
  1780 | D:3      | 1780 ||| Stepping ~*~*~tactically~*~*~ (stealth).
  1782 | D:3      | 1782 ||| Stepping ~*~*~tactically~*~*~ (stealth).
  1784 | D:3      | 1784 ||| Stepping ~*~*~tactically~*~*~ (hiding).
  1817 | D:3      | Killed Ijyb
  1840 | D:3      | 1840 ||| Stepping ~*~*~tactically~*~*~ (stealth).
  1925 | D:3      | Reached skill level 5 in Axes
  1942 | D:3      | Found a glowing golden altar of the Shining One.
  1973 | D:3      | Noticed Jessica
  1974 | D:3      | 1974 ||| Stepping ~*~*~tactically~*~*~ (hiding).
  1975 | D:3      | 1975 ||| Stepping ~*~*~tactically~*~*~ (hiding).
  1981 | D:3      | Killed Jessica
  2109 | D:3      | Found a radiant altar of Vehumet.
  2328 | D:3      | 2328 ||| UPGRADING to +0 helmet.
  2333 | D:3      | 2333 ||| UPGRADING to +2 chain mail of willpower.
  2343 | D:3      | 2343 ||| DROPPING +0 chain mail.
  2344 | D:3      | 2344 ||| UPGRADING to +0 pair of gloves.
  2349 | D:3      | 2349 ||| UPGRADING to +6 ring of dexterity.
  2350 | D:3      | 2350 ||| DRINKING 2 lumpy brown potions.
  2351 | D:3      | 2351 ||| DRINKING 2 dark potions.
  2352 | D:3      | 2352 ||| DROPPING potion of brilliance.
  2353 | D:3      | 2353 ||| DROPPING potion of degeneration.
  2417 | D:4      | Found a staircase to the Ecumenical Temple.
  2418 | D:4      | 2418 ||| PLANNING TEMPLE
  2418 | D:4      | 2418 ||| READING 3 scrolls of identify.
  2418 | D:4      | 2418 ||| IDENTIFYING fizzy silvery potion
  2422 | D:4      | 2422 ||| FLEEEEING.
  2423 | D:4      | 2423 ||| FLEEEEING.
  2429 | D:4      | 2429 ||| FLEEEEING.
  2430 | D:4      | 2430 ||| FLEEEEING.
  2431 | D:4      | 2431 ||| FLEEEEING.
  2432 | D:4      | 2432 ||| FLEEEEING.
  2434 | D:4      | 2434 ||| FLEEEEING.
  2435 | D:4      | 2435 ||| FLEEEEING.
  2436 | D:4      | 2436 ||| FLEEEEING.
  2437 | D:4      | 2437 ||| FLEEEEING.
  2438 | D:4      | 2438 ||| FLEEEEING.
  2439 | D:4      | 2439 ||| FLEEEEING.
  2440 | D:4      | 2440 ||| FLEEEEING.
  2441 | D:4      | 2441 ||| FLEEEEING.
  2442 | D:4      | 2442 ||| FLEEEEING.
  2443 | D:4      | Noticed an ogre
  2452 | D:4      | Killed an ogre
  2453 | D:4      | Reached XP level 6. HP: 35/38 MP: 6/6
  2477 | D:4      | 2477 ||| FLEEEEING.
  2479 | D:4      | 2479 ||| FLEEEEING.
  2480 | D:4      | 2480 ||| FLEEEEING.
  2481 | D:4      | 2481 ||| FLEEEEING.
  2482 | D:4      | 2482 ||| FLEEEEING.
  2483 | D:4      | 2483 ||| FLEEEEING.
  2484 | D:4      | 2484 ||| FLEEEEING.
  2485 | D:4      | 2485 ||| FLEEEEING.
  2486 | D:4      | 2486 ||| FLEEEEING.
  2487 | D:4      | 2487 ||| FLEEEEING.
  2488 | D:4      | 2488 ||| FLEEEEING.
  2489 | D:4      | 2489 ||| FLEEEEING.
  2490 | D:4      | 2490 ||| FLEEEEING.
  2491 | D:4      | 2491 ||| FLEEEEING.
  2492 | D:4      | 2492 ||| FLEEEEING.
  2493 | D:4      | 2493 ||| FLEEEEING.
  2494 | D:4      | 2494 ||| FLEEEEING.
  2495 | D:4      | 2495 ||| FLEEEEING.
  2496 | D:4      | 2496 ||| FLEEEEING.
  2497 | D:4      | 2497 ||| FLEEEEING.
  2498 | D:4      | 2498 ||| FLEEEEING.
  2499 | D:4      | 2499 ||| FLEEEEING.
  2500 | D:4      | 2500 ||| FLEEEEING.
  2501 | D:4      | 2501 ||| FLEEEEING.
  2502 | D:4      | 2502 ||| FLEEEEING.
  2503 | D:4      | 2503 ||| FLEEEEING.
  2504 | D:4      | 2504 ||| FLEEEEING.
  2505 | D:4      | 2505 ||| FLEEEEING.
  2506 | D:4      | 2506 ||| FLEEEEING.
  2507 | D:4      | 2507 ||| FLEEEEING.
  2508 | D:4      | 2508 ||| FLEEEEING.
  2509 | D:4      | 2509 ||| FLEEEEING.
  2510 | D:4      | 2510 ||| FLEEEEING.
  2511 | D:4      | 2511 ||| FLEEEEING.
  2512 | D:4      | 2512 ||| FLEEEEING.
  2513 | D:4      | 2513 ||| FLEEEEING.
  2514 | D:4      | 2514 ||| FLEEEEING.
  2515 | D:4      | 2515 ||| STAIRDANCE
  2520 | D:4      | 2520 ||| STAIRDANCE
  2566 | Temple   | Entered the Ecumenical Temple
  2634 | Temple   | 2634 ||| PLANNING OKAWARU WORSHIP
  2721 | Temple   | Became a worshipper of Warmaster Okawaru
  2722 | Temple   | 2722 ||| PLANNING D:1-11
  2892 | D:4      | Found a transporter.
  2892 | D:4      | Noticed qw's ghost (amateur GrFi)
  2934 | D:4      | Noticed Eustachio
  2957 | D:4      | 2957 ||| FLEEEEING.
  2959 | D:4      | 2959 ||| FLEEEEING.
  2960 | D:4      | 2960 ||| FLEEEEING.
  2961 | D:4      | 2961 ||| FLEEEEING.
  2962 | D:4      | 2962 ||| FLEEEEING.
  2966 | D:4      | 2966 ||| FLEEEEING.
  2967 | D:4      | 2967 ||| FLEEEEING.
  2977 | D:4      | Killed Eustachio
  2978 | D:4      | Reached XP level 7. HP: 43/44 MP: 7/7
  3025 | D:4      | Found a transporter.
  3199 | D:4      | 3199 ||| DROPPING +0 mace.
  3377 | D:4      | 3377 ||| READING scroll labelled PEC TALUOCHY.
  3389 | D:5      | Entered Level 5 of the Dungeon
  3403 | D:5      | Reached * piety under Okawaru
  3404 | D:5      | Reached skill level 6 in Axes
  3444 | D:5      | 3444 ||| INVOKING Heroism.
  3454 | D:5      | Reached skill level 1 in Invocations
  3514 | D:5      | Found a white marble altar of Elyvilon.
  3517 | D:5      | 3517 ||| Stepping ~*~*~tactically~*~*~ (hiding).
  3536 | D:5      | 3536 ||| Stepping ~*~*~tactically~*~*~ (hiding).
  3539 | D:5      | 3539 ||| Stepping ~*~*~tactically~*~*~ (hiding).
  3542 | D:5      | 3542 ||| INVOKING Heroism.
  3703 | D:5      | Found a transporter.
  3705 | D:5      | 3705 ||| Stepping ~*~*~tactically~*~*~ (hiding).
  3831 | D:5      | Identified the +0 ring mail of Valour {rElec}
  3831 | D:5      | Identified the +2 buckler "Yxuj" {rPois}
  3884 | D:5      | Found a transporter.
  3899 | D:5      | Noticed qw's ghost (amateur GrFi)
  4000 | D:5      | Noticed Duvessa
  4000 | D:5      | Noticed Dowan
  4001 | D:5      | 4001 ||| INVOKING Heroism.
  4002 | D:5      | 4002 ||| INVOKING Heroism.
  4006 | D:5      | Killed Duvessa
  4007 | D:5      | Reached skill level 3 in Invocations
  4007 | D:5      | Reached XP level 8. HP: 48/48 MP: 6/10
  4012 | D:5      | Killed Dowan
  4013 | D:5      | Reached skill level 7 in Axes
  4067 | D:5      | 4067 ||| READING scroll labelled XAEBRU RO TYTU.
  4067 | D:5      | Identified a scroll of acquirement
  4067 | D:5      | 4067 ||| ACQUIRING +4 pair of boots of Sif Muna, Freezing
                  | {*Corrode +Blink Regen+ Str+6}
  4067 | D:5      | Acquired the +4 pair of boots of Sif Muna, Freezing
                  | {*Corrode +Blink Regen+ Str+6}
  4069 | D:5      | 4069 ||| UPGRADING to +4 pair of boots of Sif Muna,
                  | Freezing {*Corrode +Blink Regen+ Str+6}.
  4074 | D:5      | 4074 ||| READING 8 scrolls of identify.
  4074 | D:5      | 4074 ||| IDENTIFYING fizzy blue potion
  4075 | D:5      | 4075 ||| DROPPING potion of flight.
  4092 | D:6      | 4092 ||| STAIRDANCE
  4100 | D:6      | 4100 ||| STAIRDANCE
  4115 | D:6      | 4115 ||| INVOKING Heroism.
  4131 | D:6      | Reached ** piety under Okawaru
  4142 | D:6      | 4142 ||| DROPPING +0 whip of electrocution.
  4203 | D:6      | Found Deemeg's Overcharged Wands.
  4211 | D:6      | 4211 ||| SHOPLISTING wand of digging (11) (693 gold, have
                  | 206).
  4233 | D:6      | 4233 ||| Stepping ~*~*~tactically~*~*~ (stealth).
  4234 | D:6      | 4234 ||| Stepping ~*~*~tactically~*~*~ (stealth).
  4249 | D:6      | Found the +2 ratskin cloak {*Rats rPois rN+ Str-1 Int-1
                  | Dex+1}
  4257 | D:6      | Found a snail-covered altar of Cheibriados.
  4293 | D:6      | Reached skill level 8 in Axes
  4355 | D:6      | 4355 ||| INVOKING Heroism.
  4434 | D:6      | Found a shadowy altar of Dithmenos.
  4613 | D:6      | 4613 ||| UPGRADING to +2 ratskin cloak {*Rats rPois rN+
                  | Str-1 Int-1 Dex+1}.
  4618 | D:6      | 4618 ||| READING scroll labelled WEOSHR YMIUZAG.
  4619 | D:6      | 4619 ||| READING scroll labelled ASTRUKHLE WOUDION.
  4620 | D:6      | 4620 ||| DRINKING 2 smoky cyan potions.
  4621 | D:6      | 4621 ||| READING 7 scrolls of identify.
  4621 | D:6      | 4621 ||| IDENTIFYING orange potion
  4681 | D:7      | Found an ornate altar of the Wu Jian Council.
  4765 | D:7      | Reached skill level 6 in Fighting
  4765 | D:7      | Reached XP level 9. HP: 55/55 MP: 12/12
  4803 | D:7      | Identified the +5 falchion "Geqikul" {freeze, Int+4}
  4807 | D:7      | 4807 ||| Stepping ~*~*~tactically~*~*~ (hiding).
  4808 | D:7      | 4808 ||| Stepping ~*~*~tactically~*~*~ (hiding).
  4810 | D:7      | 4810 ||| Stepping ~*~*~tactically~*~*~ (hiding).
  4811 | D:7      | 4811 ||| Stepping ~*~*~tactically~*~*~ (hiding).
  4950 | D:7      | Reached *** piety under Okawaru
  5028 | D:7      | 5028 ||| Stepping ~*~*~tactically~*~*~ (hiding).
  5029 | D:7      | 5029 ||| Stepping ~*~*~tactically~*~*~ (hiding).
  5030 | D:7      | 5030 ||| Stepping ~*~*~tactically~*~*~ (hiding).
  5032 | D:7      | 5032 ||| INVOKING Heroism.
  5061 | D:7      | Found a sacrificial altar of Ru.
  5105 | D:7      | Identified the +9 falchion "Ilyfrega" {protect, rF+ Will+
                  | Dex+5}
  5301 | D:7      | Found a hazy altar of Hepliaklqana.
  5420 | D:7      | 5420 ||| Stepping ~*~*~tactically~*~*~ (stealth).
  5457 | D:7      | 5457 ||| INVOKING Heroism.
  5461 | D:7      | Reached skill level 9 in Axes
  5525 | D:7      | 5525 ||| INVOKING Heroism.
  5562 | D:7      | 5562 ||| READING scroll labelled DOHEIF HAHINN.
  5563 | D:7      | 5563 ||| READING scroll labelled DOSUMI YRAIMOO.
  5564 | D:7      | 5564 ||| READING 7 scrolls of identify.
  5564 | D:7      | 5564 ||| IDENTIFYING cyan potion
  5565 | D:7      | 5565 ||| READING 6 scrolls of identify.
  5565 | D:7      | 5565 ||| IDENTIFYING lumpy blue potion
  5566 | D:7      | 5566 ||| DROPPING potion of invisibility.
  5610 | D:8      | 5610 ||| INVOKING Heroism.
  5692 | D:8      | Found a runed translucent gate.
  5692 | D:8      | Found a runed translucent gate.
  5694 | D:8      | Found a runed translucent gate.
  5695 | D:8      | Noticed qw's ghost (novice GrFi)
  5696 | D:8      | 5696 ||| Stepping ~*~*~tactically~*~*~ (hiding).
  5697 | D:8      | 5697 ||| Stepping ~*~*~tactically~*~*~ (hiding).
  5722 | D:8      | 5722 ||| FLEEEEING.
  5723 | D:8      | 5723 ||| FLEEEEING.
  5804 | D:8      | Reached skill level 6 in Armour
  5839 | D:8      | 5839 ||| INVOKING Heroism.
  5982 | D:8      | Noticed Grum
  5983 | D:8      | 5983 ||| INVOKING Heroism.
  5996 | D:8      | Reached **** piety under Okawaru
  6001 | D:8      | Reached XP level 10. HP: 56/63 MP: 13/13
  6015 | D:8      | 6015 ||| INVOKING Heroism.
  6023 | D:8      | Killed Grum
  6070 | D:8      | Noticed Erica
  6071 | D:8      | 6071 ||| INVOKING Heroism.
  6089 | D:8      | Killed Erica
  6090 | D:8      | Reached skill level 10 in Axes
  6123 | D:8      | Noticed Psyche
  6133 | D:8      | HP: 12/63 [something (9)]
  6135 | D:8      | HP: 1/63 [something (11)]
  6136 | D:8      | Mangled by Psyche

Levels and vault maps discovered:
D:1:      dpeg_arrival_arbitrary_c, layout_loops_corners, serial_shops, shop,
          hellmonk_ecumenical_altar_inner_sanctum, kennysheep_boxes
D:2:      layout_loops_ring, minmay_divided_ellipse
D:3:      kennysheep_the_goblin_king, layout_rooms, vehumet_altar_wand_db,
          nicolae_tso_carved_into_rock, nicolae_underground_beach, uniq_terence,
          uniq_jessica
D:4:      layout_basic, minmay_temple_entry_tees, gammafunk_ghost_stat_death,
          uniq_eustachio
D:5:      dreamdust_elfheim, layout_rooms, mainiacjoe_overflow_surrounded_room,
          gammafunk_ghost_gnarly_gnolls, uniq_duvessa
D:6:      layout_rooms, kennysheep_slug_shrine,
          nicolae_dithmenos_through_a_glass_darkly,
          nicolae_shop_overcharged_wands
D:7:      layout_basic, nicolae_ru_great_annihilating_truth,
          overflow_temple_1_default, pf_just_have_faith, grunt_tough_drop
D:8:      layout_basic, kennysheep_mini_moat, gammafunk_ghost_split,
          grunt_ministairs_5, uniq_erica, uniq_grum, uniq_psyche
Temple:   hellmonk_temple_flake

Skill      XL: |  1  2  3  4  5  6  7  8  9 10 |
---------------+-------------------------------+-----
Axes           | 2 3 4 5 6 8 9 10 | 10.1
Dodging        | 2 |  2.0
Fighting       | 4 6 7 |  7.0
Invocations    | 3 4 5 |  5.7
Armour         | 4 6 |  6.2
Shields        | 4 |  4.0

Action                   |  1- 3 |  4- 6 |  7- 9 | 10-12 || total
-------------------------+-------+-------+-------+-------++-------
Melee: War axe           |    91 |   192 |   298 |    39 ||   620
       Unarmed           |       |       |       |     4 ||     4
Throw: Boomerang         |       |     4 |    12 |       ||    16
Invok: Heroism           |       |       |    11 |     2 ||    13
  Use: Scroll            |     5 |     3 |    10 |       ||    18
       Potion            |       |     2 |     1 |       ||     3
 Stab: Paralysed         |       |       |     1 |       ||     1
Armor: Scale mail        |    42 |       |       |       ||    42
       Chain mail        |     7 |   145 |   172 |    14 ||   338
Dodge: Dodged            |    45 |    65 |    98 |    20 ||   228
Block: Buckler           |    14 |    22 |    73 |    12 ||   121

Table legend:
 A = Non-vault XP
 B = Vault XP
 C = Vault XP percentage of total XP
 D = Non-vault monster count
 E = Vault monster count
 F = Vault count percentage of total count
                 A         B        C        D         E       F
            +---------+---------+-------+---------+---------+-------
      Total |    3376 |    2553 |  43.1 |     133 |      48 |  26.5
            +---------+---------+-------+---------+---------+-------
        D:1 |      30 |       0 |   0.0 |      19 |       0 |   0.0
        D:2 |      63 |      34 |  35.1 |      16 |      13 |  44.8
        D:3 |      33 |     120 |  78.4 |      15 |      10 |  40.0
        D:4 |     246 |     211 |  46.2 |      13 |       1 |   7.1
        D:5 |     427 |     218 |  33.8 |      16 |       4 |  20.0
        D:6 |     858 |       4 |   0.5 |      18 |       1 |   5.3
        D:7 |    1004 |     539 |  34.9 |      20 |      10 |  33.3
        D:8 |     715 |    1427 |  66.6 |      16 |       9 |  36.0
            +---------+---------+-------+---------+---------+-------
